 Dungeon Crawl Stone Soup version 0.28.0-45-g0d030f2227 (webtiles) character file.

Game seed: 15628173650664700768

102 nickcage the Slasher (level 5, -5/41 HPs)
             Began as a Formicid Abyssal Knight on Apr 14, 2022.
             Was a Follower of Lugonu.
             Killed from afar by Natasha (7 damage)
             ... with a puff of flame
             ... on level 2 of the Dungeon.
             The game lasted 00:05:08 (1997 turns).

nickcage the Slasher (Formicid Abyssal Knight)      Turns: 1997, Time: 00:05:09

Health: -5/41      AC:  6    Str: 20    XL:     5   Next: 6%
Magic:  6/6        EV:  9    Int:  9    God:    Lugonu [*.....]
Gold:   81         SH:  0    Dex: 11    Spells: 4/4 levels left

rFire   . . .      SeeInvis +   a - +1 falchion
rCold   . . .      Faith    .   (no shield)
rNeg    . . .      Spirit   .   f - +0 scale mail
rPois   .          Reflect  .   (helmet unavailable)
rElec   .          Harm     .   (no cloak)
rCorr   .          Rampage  .   (no gloves)
Will    .....                   (no boots)
Stlth   ..........              (no amulet)
HPRegen 0.13/turn               (no ring)
MPRegen 0.10/turn               (no ring)

@: no status effects
A: permanent stasis, dig shafts and tunnels, antennae 3, four strong arms
a: Dig, Shaft Self, Renounce Religion, Depart the Abyss


You were on level 2 of the Dungeon.
You worshipped Lugonu.
Lugonu was aware of your devotion.
You visited 1 branch of the dungeon, and saw 2 of its levels.
You visited the Abyss 1 time.

You collected 81 gold pieces.

Inventory:

Hand Weapons
 a - a +1 falchion (weapon)
Missiles
 i - 4 atropa-tipped darts (quivered)
Armour
 b - a +0 leather armour
 f - a +0 scale mail (worn)
Scrolls
 c - a scroll of teleportation {unknown}
 d - a scroll of identify {unknown}
 e - a scroll of noise {unknown}
 h - a scroll of silence {unknown}
Potions
 g - 2 potions of curing {unknown}
 j - a potion of brilliance {unknown}
 k - a potion of degeneration {unknown}
 l - a potion of mutation {unknown}


   Skills:
 - Level 3.2 Fighting
 + Level 4.8 Long Blades
 - Level 2.1 Armour
 - Level 0.8 Dodging
 - Level 2.1 Invocations


You had 4 spell levels left.
You didn't know any spells.
Your spell library was empty.

Dungeon Overview and Level Annotations

Branches:
Dungeon (2/15)

Altars:

Shops:
D:1 !

Annotations:
D:2 Natasha


Innate Abilities, Weirdness & Mutations

You cannot be hasted, slowed, berserked, paralysed or teleported.
You can dig through walls and to a lower floor.
You have a pair of large antennae on your head. (SInv)
Your four strong arms can wield two-handed weapons with a shield.


Message History

You barely miss Natasha.
Natasha is moderately wounded.
Natasha claws you.
* * * LOW HITPOINT WARNING * * *
You hit Natasha.
Natasha is moderately wounded.
Natasha barely misses you.
You closely miss Natasha.
Natasha is moderately wounded.
Natasha claws you.
* * * LOW HITPOINT WARNING * * *
You closely miss Natasha.
Natasha is moderately wounded.
Natasha closely misses you.
You barely miss Natasha. Your punch misses Natasha.
Natasha is moderately wounded.
Natasha casts a spell.
You barely miss Natasha.
Natasha is moderately wounded.
Natasha claws you.
* * * LOW HITPOINT WARNING * * *
You hit Natasha but do no damage.
Natasha is moderately wounded.
Natasha claws you but does no damage.
You hit Natasha.
Natasha is heavily wounded.
Natasha mumbles some strange words.
Natasha glows brightly for a moment.
Natasha claws you.
* * * LOW HITPOINT WARNING * * *
The crimson imp hits you but does no damage.
You closely miss Natasha.
Natasha is heavily wounded.
Natasha barely misses you. The crimson imp hits you.
* * * LOW HITPOINT WARNING * * *
Unknown command.
You closely miss Natasha.
Natasha is heavily wounded.
Natasha zaps a wand.
The puff of flame hits you!
You die...

#........>.#####
####.............
#............###.
######.##.........##..
.....#.##..........(.#
####...#######.#..####
...........##....##
#....###.#..#..5h#####
..####
#.##.....@...)## .##
#..............# ####
######.##.##...#
...##########.##.#
####
##............##.#
#########..####.#
#...####.#
##.#...)..#### #
#..######...>#####


You could see Natasha and a crimson imp (summoned).

Vanquished Creatures
  Natasha (twice) (D:2)
  2 adders (D:2)
  An orc (D:2)
  2 ball pythons (D:1)
  6 bats
  3 endoplasms
  7 hobgoblins
  2 jackals (D:1)
  A kobold (D:2)
  2 frilled lizards (D:2)
  5 rats
33 creatures vanquished.

Notes
Turn   | Place    | Note
-------+----------+-------------------------------------------
     0 | Abyss:1  | nickcage the Formicid Abyssal Knight began the quest for
                  | the Orb.
     0 | Abyss:1  | Reached XP level 1. HP: 18/18 MP: 2/2
   108 | Abyss:1  | Noticed a small abomination
   109 | D:1      | Escaped the Abyss
   287 | D:1      | Found Tysmuos's Distillery.
   391 | D:1      | Reached XP level 2. HP: 23/24 MP: 3/3
   419 | D:1      | Reached * piety under Lugonu
   517 | D:1      | Reached skill level 3 in Long Blades
  1025 | D:2      | Reached XP level 3. HP: 27/29 MP: 4/4
  1406 | D:2      | Reached skill level 4 in Long Blades
  1406 | D:2      | Reached XP level 4. HP: 28/35 MP: 5/5
  1487 | D:2      | Noticed Natasha
  1500 | D:2      | Killed Natasha
  1563 | D:2      | Noticed Natasha
  1572 | D:2      | Killed Natasha
  1573 | D:2      | Reached XP level 5. HP: 8/41 MP: 6/6
  1979 | D:2      | Noticed Natasha
  1996 | D:2      | HP: 1/41 [crimson imp[Natasha] (2)]
  1997 | D:2      | Killed from afar by Natasha

Illustrated notes

Levels and vault maps discovered:
D:1:      dpeg_arrival_ternary, layout_basic, serial_shops, shop_statue
D:2:      layout_rooms, uniq_natasha

Skill      XL: |  1  2  3 |
---------------+----------+-----
Long Blades    | 3 4 |  4.8
Fighting       | |  3.2
Armour         | |  2.1
Dodging        | |  0.8
Invocations    | |  2.1

Action                   |  1- 3 |  4- 6 || total
-------------------------+-------+-------++-------
Melee: Falchion          |    86 |    29 ||   115
Invok: Depart the Abyss  |     1 |       ||     1
 Abil: Dig               |     1 |       ||     1
Armor: Leather armour    |    18 |       ||    18
       Scale mail        |    23 |     6 ||    29
Dodge: Dodged            |    54 |     7 ||    61
